 Dungeon Crawl Stone Soup version 0.29.1-15-g9cfb28693d (webtiles) character file.

Game seed: 15662038311976190475

57883 DemonSlayer the Geomancer (level 14, -15/95 HPs)
             Began as a Demonspawn Earth Elementalist on Mar 8, 2023.
             Was the Champion of Dithmenos.
             Killed from afar by Xafas's ghost (46 damage)
             ... with a stone arrow
             ... on level 4 of the Lair of Beasts on Mar 9, 2023.
             The game lasted 01:12:26 (23920 turns).

DemonSlayer the Geomancer (DsEE)                   Turns: 23920, Time: 01:12:27

Health: -15/95     AC: 13    Str: 13    XL:     14   Next: 47%
Magic:  49/49      EV: 16    Int: 20    God:    Dithmenos [******]
Gold:   109        SH:  0    Dex: 15    Spells: 25/40 levels left

rFire   + . .      SeeInvis .   G - +6 dagger (venom)
rCold   . . .      Faith    .   (no shield)
rNeg    . . .      Spirit   .   A - +0 troll leather armour "Koydimma" {Regen+ Str+4}
rPois   .          Reflect  .   X - +2 hat {Stlth+}
rElec   +          Harm     .   y - +1 cloak
rCorr   .          Rampage  .   u - +0 pair of gloves
Will    ++...                   E - +2 pair of boots {Fly}
Stlth   ++++++++..              C - amulet of Roufeozea {RegenMP rElec rF+ Will+}
HPRegen 1.05/turn               V - ring of magical power
MPRegen 0.71/turn               Y - ring of magical power

@: mighty, flying, hasted (expiring), wreathed by umbra, very quick
A: antennae 2, repulsion field 1, foul stench 1, spiny 2
a: Renounce Religion, Shadow Step, Shadow Form


You were on level 4 of the Lair of Beasts.
You worshipped Dithmenos.
Dithmenos was exalted by your worship.
You visited 4 branches of the dungeon, and saw 19 of its levels.
You also visited: Sewer.

You collected 2578 gold pieces.
You spent 2469 gold pieces at shops.

Inventory:

Hand Weapons
 G - a +6 dagger of venom (weapon)
Missiles
 i - 17 boomerangs of dispersal
 m - 8 curare-tipped darts
 w - a throwing net
 L - 4 silver javelins
Armour
 u - a +0 pair of gloves (worn)
 y - a +1 cloak (worn)
 A - the +0 troll leather armour "Koydimma" (worn) {Regen+ Str+4}
   (You bought it in a shop on level 2 of the Dungeon)

   Str:       It affects your strength (+4).
   Regen:     It increases your rate of health regeneration.
 E - a +2 pair of boots of flying (worn)
 W - the +10 scale mail of Alaez {rElec rN+ Dex+4}
   (You found it on level 5 of the Lair of Beasts)

   Dex:       It affects your dexterity (+4).
   rElec:     It insulates you from electricity.
   rN:        It protects you from negative energy.
 X - a +2 hat of stealth (worn)
Jewellery
 r - the ring "Orrimeol" {rN+ Int+6}
   (You found it on level 7 of the Dungeon)

   [ring of intelligence]

   Int:       It affects your intelligence (+6).
   rN:        It protects you from negative energy.
 C - the amulet of Roufeozea (around neck) {RegenMP rElec rF+ Will+}
   (You acquired it on level 5 of the Dungeon)

   [amulet of magic regeneration]

   It increases your rate of magic regeneration.
   rF:        It protects you from fire.
   rElec:     It insulates you from electricity.
   Will:      It increases your willpower.
 S - a ring of protection from fire
 V - a ring of magical power (left hand)
 Y - a ring of magical power (right hand)
Wands
 g - a wand of polymorph (36)
 s - a wand of acid (23)
 v - a wand of mindburst (22)
 I - a wand of flame (6)
 O - a wand of paralysis (6)
 U - a wand of iceblast (5)
Scrolls
 d - 5 scrolls of fog
 e - 5 scrolls of amnesia
 h - a scroll of noise {unknown}
 n - a scroll of immolation
 p - a scroll of torment {unknown}
 q - 4 scrolls of teleportation
 B - 2 scrolls of magic mapping
 D - a scroll of identify
 K - a scroll of silence
 M - 2 scrolls of vulnerability
 P - 2 scrolls of poison
 T - a scroll of enchant armour
Potions
 a - 4 potions of attraction
 b - 4 potions of brilliance
 c - 3 potions of ambrosia
 f - 3 potions of might
 j - 15 potions of curing
 k - 2 potions of flight
 l - 5 potions of cancellation
 o - a potion of resistance
 t - 2 potions of heal wounds
 x - 4 potions of mutation
 z - 3 potions of magic
 F - 2 potions of lignification
 H - 5 potions of haste
 J - a potion of degeneration {unknown}
 N - a potion of invisibility {unknown}
Miscellaneous
 Q - a lightning rod (4/4)
 R - a phial of floods
 Z - a condenser vane


   Skills:
 + Level 4.1 Fighting
 + Level 3.2 Short Blades
 + Level 0.8 Throwing
 + Level 5.0 Armour
 + Level 5.3 Dodging
 + Level 7.4 Stealth
 + Level 0.1 Unarmed Combat
 + Level 13.6 Spellcasting
 + Level 9.7 Conjurations
 + Level 0.8 Transmutations
 + Level 13.9 Earth Magic


You had 25 spell levels left.
You knew the following spells:

 Your Spells              Type           Power      Damage    Failure   Level
a - Sandblast             Erth           100%       2d20      1%          1
b - Passwall              Tmut/Erth      35%        N/A       1%          2
c - Stone Arrow           Conj/Erth      100%       3d13      1%          3
d - Petrify               Tmut/Erth      43%        N/A       2%          4
e - Blink                 Tloc           26%        N/A       9%          2
f - Ignite Poison         Fire/Tmut/Pois 14%        N/A       16%         3

Your spell library contained the following spells:

 Spells                   Type           Power      Damage    Failure   Level
 Static Discharge         Conj/Air       33%        3-8/arc   1%          2
 Conjure Flame            Conj/Fire      33%        6-21      2%          3
 Beastly Appendage        Tmut           34%        N/A       4%          1
 Slow                     Hex            52%        N/A       6%          1
 Wereblood                Tmut           17%        N/A       6%          2
 Sticky Flame             Conj/Fire      33%        2d5       8%          4
 Spider Form              Tmut/Pois      15%        N/A       14%         3
 Lesser Beckoning         Tloc           13%        N/A       19%         3
 Lightning Bolt           Conj/Air       16%        1d30      22%         5
 Summon Ice Beast         Ice/Summ       13%        N/A       52%         4
 Manifold Assault         Tloc           13%        N/A       86%         5
 Summon Forest            Summ/Tloc      6%         N/A       86%         5
 Summon Mana Viper        Hex/Summ       13%        N/A       86%         5
 Summon Cactus Giant      Summ           6%         N/A       100%        6
 Monstrous Menagerie      Summ           6%         N/A       100%        7
 Maxwell's Capacitive Co  Air            6%         ∞         100%        8


Dungeon Overview and Level Annotations

Branches:
Dungeon (11/15)            Temple (1/1) D:4            Lair (5/5) D:10
 Shoals (0/4) Lair:2        Snake (0/4) Lair:2        Slime (0/5) Lair:5
    Orc (2/2) D:10            Elf (0/3) Orc:2         Sewer (visited)

Altars:
Ashenzari
Dithmenos
Fedhas
Gozag
Hepliaklqana
Makhleb
Qazlal
Ru
Sif Muna
Trog
Uskayaw
Vehumet
Wu Jian
Xom
Yredelemnul
Jiyva

Shops:
D:2 [   D:5 !=!   D:6 =   Orc:2 *(((

Annotations:
Lair:2 exclusion: oklob plant
Lair:4 1 transporter, Xafas's ghost, journeyman DrCj


Innate Abilities, Weirdness & Mutations

You have a pair of antennae on your head.
You are surrounded by a mild repulsion field. (EV +2)
You may rarely emit foul miasma when damaged in melee.
You are mostly covered in sharp spines.


Message History

You miss Xafas's ghost.
Xafas's ghost is heavily damaged.
You hit Xafas's ghost but do no damage.
Xafas's ghost is heavily damaged.
Your shadow closely misses Xafas's ghost.
Xafas's ghost points at you and mumbles some strange words.
The stone arrow misses you.
You puncture Xafas's ghost!
Xafas's ghost is heavily damaged.
Your shadow hits Xafas's ghost with a dagger.
Xafas's ghost is struck by your spines.
Xafas's ghost hits you but does no damage.
You blink.
There is a transporter landing site, spattered with blood here.
Things that are here:
a +0 hand axe; a +0 leather armour You see here a hornet corpse.
You see here a condenser vane.
Z - a condenser vane Your extra speed is starting to run out.
Xafas's ghost gestures at you while chanting.
The magic dart hits you.
Xafas's ghost hits you but does no damage.
Space warps horribly around you!
You emit a cloud of dark smoke.
You hit Xafas's ghost.
Xafas's ghost is severely damaged.
Your shadow completely misses Xafas's ghost.
You hit Xafas's ghost but do no damage.
Xafas's ghost is severely damaged.
Your shadow barely misses Xafas's ghost.
Xafas's ghost closely misses you.
You hit Xafas's ghost but do no damage.
Xafas's ghost is severely damaged.
Your shadow completely misses Xafas's ghost.
You hit Xafas's ghost.
Xafas's ghost is severely damaged.
Your shadow misses Xafas's ghost. Xafas's ghost casts a spell at you.
The stone arrow hits you!!!
You die...

#...#######...###...........
#....##.......###...........
#..............##...........
##......###.###..............
#......#########...>.###P#.## ##
###....###.###.###....#####..#
P###......##...#§§.##............
..........##.#[#§#§##............
#####P....##...#@§§##....#..#PP.#
# ##....#.#†#W#§#)#...#######.# #
#.....#†W#§§{#§?#...P# ### #
###...©#©)#.#.#.©#©..##
####......#)†#...#.)#...##
..........#.#.#.#.#)#....#
.#...#....##...#!..##...##
..####..#.##.#.###.##...## ...#
#....##...#...##....###


You could see Xafas's ghost.

Vanquished Creatures
  A fire dragon (Lair:5)
  A boulder beetle (Lair:3)
  3 hydras
  2 catoblepae
  2 orc high priests
  Sonja (Lair:1)
  A swamp dragon (Lair:5)
  A lindwurm (Lair:3)
  5 orc sorcerers
  An ugly thing (D:10)
  A cyclops (D:8)
  2 wolf spiders (Lair:3)
  Maurice (D:9)
  19 elephants
  5 black mambas (Lair:5)
  2 torpor snails
  4 rime drakes
  4 komodo dragons
  13 cane toads
  A kobold demonologist (D:10)
  4 trolls
  2 polar bears
  2 meliai (Lair:4)
  6 hornets
  2 tarantellas (Lair:3)
  19 blink frogs
  15 dream sheep
  A snapping turtle (Lair:2)
  A shadow (D:7)
  52 yaks
  10 wyverns
  4 basilisks
  4 redbacks
  2 steam dragons (Lair:5)
  3 acid dragons
  23 water moccasins
  4 black bears
  An ice beast (D:6)
  3 swamp drakes (Lair:5)
  22 orc warriors
  2 sky beasts (D:8)
  5 ogres
  2 centaurs (D:7)
  4 wolves (Lair:1)
  10 kobold brigands
  A necrophage (D:6)
  16 bullfrogs
  A gnoll sergeant (D:9)
  3 scorpions
  10 wights
  23 killer bees
  4 howler monkeys
  2 lava snakes (Lair:3)
  3 jellies
  2 gnoll boudas
  20 orc priests
  4 hounds
  8 iguanas
  37 orc wizards
  20 gnolls
  11 adders
  4 river rats
  2 shadow imps
  A white imp (D:7)
  7 worms
  The ghost of croobank the Sneak, a weakling OpDe (D:6)
  A dart slug (D:1)
  67 orcs
  5 bats
  7 endoplasms
  3 giant cockroaches
  3 goblins
  4 hobgoblins
  4 jackals (D:1)
  44 kobolds
  3 quokkas
  11 ball pythons
  3 frilled lizards
  11 rats
  A butterfly (Lair:4)
620 creatures vanquished.

Vanquished Creatures (others)
  An orc (Orc:1)
  29 fungi
  62 plants
  9 toadstools (Lair:2)
101 creatures vanquished.

Grand Total: 721 creatures vanquished

Notes
Turn   | Place    | Note
-------+----------+-------------------------------------------
     0 | D:1      | DemonSlayer the Demonspawn Earth Elementalist began the
                  | quest for the Orb.
     0 | D:1      | Reached XP level 1. HP: 13/13 MP: 3/3
   170 | D:1      | Found a faded altar of an unknown god.
   358 | D:1      | Gained mutation: You have a pair of small antennae on your
                  | head. [demonic ancestry]
   358 | D:1      | Reached XP level 2. HP: 12/19 MP: 0/5
   925 | D:1      | Gained mutation: You may rarely emit foul miasma when
                  | damaged in melee. [demonic ancestry]
   925 | D:1      | Reached XP level 3. HP: 24/24 MP: 4/6
  1003 | D:1      | Learned a level 2 spell: Passwall
  1007 | D:1      | Learned a level 3 spell: Stone Arrow
  1116 | D:2      | Found a hazy altar of Hepliaklqana.
  1256 | D:2      | Found Atyah's Armour Shoppe.
  1452 | D:2      | Gained mutation: You are surrounded by a mild repulsion
                  | field. (EV +2) [demonic ancestry]
  1452 | D:2      | Reached XP level 4. HP: 29/30 MP: 4/7
  2461 | D:3      | Found a bloodstained altar of Trog.
  2696 | D:4      | Gained mutation: You are partially covered in sharp spines.
                  | [demonic ancestry]
  2696 | D:4      | Reached XP level 5. HP: 35/35 MP: 6/9
  3183 | D:4      | Found a staircase to the Ecumenical Temple.
  3318 | Temple   | Entered the Ecumenical Temple
  3399 | Temple   | Became a worshipper of Dithmenos the Shadowed
  3563 | D:4      | Learned a level 4 spell: Petrify
  3703 | D:5      | Entered Level 5 of the Dungeon
  3707 | D:5      | Reached XP level 6. HP: 42/42 MP: 7/11
  3766 | D:5      | Reached skill level 5 in Earth Magic
  3909 | D:5      | Found Naxi's Distillery.
  3992 | D:5      | Found Tetick's Distillery.
  4318 | D:5      | Found Ymyaf's Jewellery Emporium.
  4322 | D:5      | Gained mutation: You are mostly covered in sharp spines.
                  | [demonic ancestry]
  4322 | D:5      | Reached XP level 7. HP: 28/47 MP: 9/13
  4477 | D:5      | Found a sacrificial altar of Ru.
  5067 | D:2      | Bought the +0 troll leather armour "Koydimma" {Regen+
                  | Str+4} for 364 gold pieces
  5548 | D:6      | Noticed croobank's ghost (weakling OpDe)
  5548 | D:6      | Found a runed translucent door.
  5549 | D:6      | Found Dakhetei's Jewellery Boutique.
  5560 | D:6      | Reached skill level 5 in Spellcasting
  5560 | D:6      | Reached * piety under Dithmenos
  5794 | D:6      | Found a glowing drain.
  5815 | Sewer    | Entered a sewer
  5924 | Sewer    | Reached XP level 8. HP: 53/53 MP: 12/16
  6573 | D:6      | Reached ** piety under Dithmenos
  7271 | D:7      | Gained mutation: You have a pair of antennae on your head.
                  | [demonic ancestry]
  7271 | D:7      | Reached XP level 9. HP: 58/58 MP: 15/20
  7280 | D:7      | Reached skill level 1 in Armour
  7393 | D:7      | Found a burning altar of Makhleb.
  7443 | D:7      | Found a broken altar of Ashenzari.
  7474 | D:7      | Identified the ring "Orrimeol" {rN+ Int+6}
  7857 | D:8      | Reached skill level 1 in Fighting
  7868 | D:8      | Noticed a cyclops
  7923 | D:8      | Reached *** piety under Dithmenos
  7974 | D:8      | Reached XP level 10. HP: 64/65 MP: 15/23
  7977 | D:8      | Found a shimmering blue altar of Sif Muna.
  7997 | D:8      | Found a flagged portal.
  8399 | D:8      | Killed a cyclops
  9010 | D:8      | Reached skill level 10 in Earth Magic
  9013 | D:8      | Reached skill level 10 in Spellcasting
  9411 | D:9      | Noticed Maurice
  9431 | D:9      | Paralysed by Maurice for 5 turns
  9436 | D:9      | Killed Maurice
  9770 | D:9      | Reached **** piety under Dithmenos
  9776 | D:9      | Reached skill level 1 in Conjurations
 10566 | D:9      | Reached XP level 11. HP: 70/70 MP: 15/25
 10693 | D:10     | Entered Level 10 of the Dungeon
 10891 | D:10     | Noticed a red ugly thing
 10905 | D:10     | Killed a red ugly thing
 10906 | D:10     | Reached skill level 1 in Short Blades
 11454 | D:10     | Found a staircase to the Orcish Mines.
 11511 | D:10     | Found a staircase to the Lair.
 11787 | D:5      | Identified a scroll of acquirement
 11787 | D:5      | Acquired the amulet of Roufeozea {RegenMP rElec rF+ Will+}
 12181 | D:2      | Bought a +1 pair of boots of flying for 198 gold pieces
 12312 | D:10     | Reached ***** piety under Dithmenos
 12768 | D:10     | Found a radiant altar of Vehumet.
 12855 | Lair:1   | Entered Level 1 of the Lair of Beasts
 13341 | Lair:1   | Noticed Sonja
 13347 | Lair:1   | Killed Sonja
 13348 | Lair:1   | Reached skill level 5 in Stealth
 13784 | Lair:2   | Reached XP level 12. HP: 66/81 MP: 16/27
 13971 | Lair:2   | Found a staircase to the Shoals.
 13993 | Lair:2   | Found a staircase to the Snake Pit.
 14064 | Lair:2   | Found a blossoming altar of Fedhas.
 14555 | Lair:3   | Noticed a catoblepas
 14566 | Lair:3   | Killed a catoblepas
 14604 | Lair:3   | Noticed an eight-headed hydra
 14613 | Lair:3   | Killed an eight-headed hydra
 14660 | Lair:3   | Noticed a seven-headed hydra
 14667 | Lair:3   | Killed a seven-headed hydra
 14668 | Lair:3   | Reached skill level 5 in Conjurations
 14830 | Lair:3   | Identified the +3 ring mail of Onodul {rN+ Regen+ SInv}
 14917 | Lair:3   | You are sucked into a shaft and drop 2 floors!
 14917 | Lair:5   | Entered Level 5 of the Lair of Beasts
 14939 | Lair:5   | Noticed a catoblepas
 14943 | Lair:5   | Noticed a four-headed hydra
 14956 | Lair:5   | Killed a catoblepas
 14966 | Lair:5   | Killed a four-headed hydra
 15051 | Lair:5   | Found a viscous altar of Jiyva.
 15071 | Lair:5   | Found a staircase to the Slime Pits.
 15367 | Lair:5   | Reached XP level 13. HP: 86/86 MP: 25/29
 16181 | Lair:4   | Reached ****** piety under Dithmenos
 16370 | Lair:4   | Found a transporter.
 16370 | Lair:4   | Found a transporter.
 16372 | Lair:4   | Noticed Xafas's ghost (journeyman DrCj)
 17014 | Lair:4   | Learned a level 2 spell: Blink
 17015 | Lair:4   | You are sucked into a shaft and drop 1 floor!
 17177 | Lair:5   | Identified the +10 scale mail of Alaez {rElec rN+ Dex+4}
 17521 | Lair:3   | Found a runed translucent door.
 17574 | Lair:3   | Reached skill level 5 in Dodging
 18448 | Lair:3   | Found a runed translucent gate.
 18829 | Lair:3   | Found a runed translucent gate.
 18830 | Lair:3   | Found a runed translucent gate.
 18830 | Lair:3   | Found a runed translucent gate.
 18830 | Lair:3   | Found a runed translucent gate.
 18831 | Lair:3   | Found a runed translucent gate.
 19001 | Orc:1    | Entered Level 1 of the Orcish Mines
 19346 | Orc:2    | Entered Level 2 of the Orcish Mines
 19503 | Orc:2    | Reached XP level 14. HP: 94/94 MP: 19/31
 19628 | Orc:2    | Found Huphifor's Antique Weapon Boutique.
 19628 | Orc:2    | Found Ymiomn's Antique Weapon Shop.
 19660 | Orc:2    | Found Muqofagh's Assorted Antiques.
 19681 | Orc:2    | Found Sulaacaf's Antique Weapon Boutique.
 19714 | Orc:2    | Bought a scroll labelled TYGATO PEAT for 35 gold pieces
 19773 | Orc:2    | Found a staircase to the Elven Halls.
 21194 | Lair:5   | Learned a level 3 spell: Ignite Poison
 21880 | D:5      | Bought a potion of haste for 140 gold pieces
 21880 | D:5      | Bought 2 potions of curing for 84 gold pieces
 21880 | D:5      | Bought a potion of curing for 42 gold pieces
 21880 | D:5      | Bought a potion of curing for 42 gold pieces
 21880 | D:5      | Bought a potion of curing for 42 gold pieces
 21880 | D:5      | Bought a potion of cancellation for 112 gold pieces
 21970 | D:5      | Bought a potion of ambrosia for 120 gold pieces
 21970 | D:5      | Bought a potion of mutation for 120 gold pieces
 21970 | D:5      | Bought a potion of haste for 150 gold pieces
 21970 | D:5      | Bought a potion of cancellation for 120 gold pieces
 21970 | D:5      | Bought a potion of magic for 120 gold pieces
 21970 | D:5      | Bought a potion of curing for 45 gold pieces
 22156 | D:6      | Killed croobank's ghost
 22314 | D:8      | Got Sif Muna's Teachings on Charms
 23200 | Orc:2    | Bought a warped scimitar for 315 gold pieces
 23200 | Orc:2    | Identified the +7 scimitar of Gallantry {vorpal, rC+ Str-5
                  | Dex+6} (You bought it in a shop on level 2 of the Orcish
                  | Mines)
 23200 | Orc:2    | Bought a polished shortbow for 280 gold pieces
 23200 | Orc:2    | Identified the +0 shortbow of Joganamn {freeze, Will+ Int+5
                  | Dex+3} (You bought it in a shop on level 2 of the Orcish
                  | Mines)
 23201 | Orc:2    | Bought a scroll of fog for 140 gold pieces
 23453 | Lair:3   | Reached skill level 5 in Armour
 23866 | Lair:4   | Paralysed by a hornet for 1 turns
 23920 | Lair:4   | Killed from afar by Xafas's ghost

Illustrated notes

Levels and vault maps discovered:
D:1:      zelgadis_glass_arrival_small, layout_rooms,
          shapermc_ecumenical_altar_starsandcircs
D:2:      layout_rooms, basic_altar, serial_shops, shop
D:3:      layout_basic, trog_three_pillars_becter
D:4:      layout_rooms, minmay_temple_entry_statues_pillars
D:5:      layout_loops_ring, nicolae_ru_the_path_less_chosen, serial_shops,
          nicolae_stop_n_shop_2, shop, supply_closet_lemuel,
          nicolae_inconvenience_store, hangedman_decor_push
D:6:      layout_basic, portal_sewer_entry_a, serial_shops,
          nicolae_shop_statue_plus, gammafunk_ghost_grave
D:7:      layout_rooms, mainiacjoe_overflow_alcove_1,
          mainiacjoe_overflow_concentric_impassable, minmay_strange_pillars
D:8:      layout_basic, led_sif_book, enter_bailey_8
D:9:      layout_grid_maze, elyvilon_altar_4, minmay_quadrilaterals,
          uniq_maurice
D:10:     layout_loops_ring, gammafunk_temple_overflow_pools,
          grunt_lair_entry_orc_guard_hut, orc_0_dummy, serial_glass,
          glass_columns_a, glass_columns_a, kennysheep_pointless_box,
          minmay_unpleasant_kobolds
D:11:     layout_loops_cross
Temple:   jpeg_temple_clearing
Lair:1:   layout_roguey, chequers_serial_rivers_room_b,
          infiniplex_staircase_pool_2, uniq_sonja
Lair:2:   layout_chaotic_city, minmay_shoals_entry_hut, dummy_snake_entry,
          tgw_fedhas, grunt_megastairs_3
Lair:3:   gammafunk_indiana_jones, layout_chaotic_city, minmay_hedge_maze,
          hibernation_bobbens
Lair:4:   layout_small_grid, gammafunk_ghost_hive, lemuel_fruit_tree,
          lemuel_fruit_fields
Lair:5:   guppyfry_lair_end_dragon, layout_layer_cave,
          hangedman_lair_tendril_chambers, slime_entry_1
Orc:1:    layout_caves, minmay_orc_keep
Orc:2:    st_orc_mages, layout_diamond_mine, enter_volcano_1

Skill      XL: |  1  2  3  4  5  6  7  8  9 10 11 12 13 14 |
---------------+-------------------------------------------+-----
Dodging        | 2 3 4 5 |  5.3
Earth Magic    | 3 4 5 6 7 9 10 11 12 13 | 13.9
Stealth        | 2 3 4 5 6 7 |  7.4
Spellcasting   | 3 4 5 7 9 10 11 12 13 | 13.6
Armour         | 2 3 4 5 |  5.0
Fighting       | 1 3 4 |  4.1
Conjurations   | 2 4 7 8 9 |  9.7
Short Blades   | 2 3 |  3.2
Throwing       | |  0.8
Unarmed Combat | |  0.1
Transmutations | |  0.8

Action                   |  1- 3 |  4- 6 |  7- 9 | 10-12 | 13-15 || total
-------------------------+-------+-------+-------+-------+-------++-------
Melee: Unarmed           |     5 |       |       |       |       ||     5
       Dagger            |     2 |    10 |    15 |   112 |   117 ||   256
       Punch             |       |       |       |     2 |       ||     2
Throw: Dart              |       |       |       |     8 |     1 ||     9
       Throwing net      |       |       |       |     2 |       ||     2
       Boomerang         |       |       |       |     1 |       ||     1
 Cast: Sandblast         |    50 |   100 |   185 |    63 |       ||   398
       Stone Arrow       |       |       |       |   236 |   334 ||   570
       Petrify           |       |       |       |     1 |       ||     1
Evoke: Wand              |       |       |       |     3 |       ||     3
  Use: Potion            |     2 |       |       |     3 |     2 ||     7
       Scroll            |       |     2 |    10 |    11 |     8 ||    31
 Stab: Sleeping          |       |     4 |     1 |    17 |    12 ||    34
Armor: Robe              |     6 |    12 |       |       |       ||    18
       Skin              |     3 |       |       |       |       ||     3
       Troll leather arm |       |       |    29 |    64 |    90 ||   183
Dodge: Dodged            |    16 |    53 |    67 |   187 |   182 ||   505
